 Dungeon Crawl Stone Soup version 0.23.1-37-gaa34b87b72 (webtiles) character file.

Game seed: 14141060308626545120

107 Chiseanne the Magician (level 4, -4/30 HPs)
             Began as a Demonspawn Wizard on Mar 24, 2019.
             Slain by a river rat (10 damage)
             ... in a sewer.
             The game lasted 00:04:36 (2285 turns).

Chiseanne the Magician (Demonspawn Wizard)          Turns: 2285, Time: 00:04:36

Health: -4/30      AC:  3    Str:  7    XL:     4   Next: 56%
Magic:  7/19       EV:  9    Int: 21    God:
Gold:   70         SH:  0    Dex: 11    Spells: 2/11 levels left

rFire    . . .     SeeInvis .   r - +1 mace (curse)
rCold    + . .     Gourm    .   (no shield)
rNeg     . . .     Faith    .   a - +0 robe
rPois    .         Spirit   .   b - +1 hat
rElec    .         Reflect  .   (no cloak)
rCorr    .         Harm     +   (no gloves)
MR       .....                  (no boots)
Stlth    ++........             s - amulet of harm
HPRegen  0.10/turn              f - ring of magical power
MPRegen  0.16/turn              (no ring)

@: very slightly contaminated, constricted
A: horns 1, cold resistance 1
a: no special abilities


You were in a sewer.
You were not hungry.

You visited 1 branch of the dungeon, and saw 3 of its levels.
You also visited: Sewer.

You collected 70 gold pieces.

Inventory:

Hand Weapons
 r - a cursed +1 mace (weapon)
Missiles
 c - 28 stones (quivered)
 l - 37 sling bullets
 p - 8 javelins
 t - 9 needles of frenzy
 u - 8 curare-tipped needles
 z - 5 tomahawks
Armour
 a - a +0 robe (worn)
 b - a +1 hat (worn)
Magical Staves
 q - an uncursed staff of power {unknown}
Jewellery
 f - a ring of magical power (left hand)
 s - an amulet of harm (around neck)
Scrolls
 e - 2 scrolls of teleportation
 g - a scroll of immolation
 i - 2 scrolls of fog {unknown}
 w - 2 scrolls of blinking
Potions
 j - a potion of lignification {unknown}
 k - 4 potions of heal wounds
 o - 4 potions of curing
Comestibles
 d - 8 rations
 h - a chunk of flesh


   Skills:
 - Level 1.7 Dodging
 - Level 1.7 Stealth
 * Level 4.1 Spellcasting
 * Level 3.1 Conjurations
   Level 1.0 Summonings
 - Level 0.8 Translocations


You had 2 spell levels left.
You knew the following spells:

 Your Spells              Type           Power        Failure   Level  Hunger
a - Magic Dart            Conj           ###.         3%          1    None
b - Blink                 Tloc           N/A          13%         2    #......
c - Conjure Flame         Conj/Fire      ##......     19%         3    ###....
d - Mephitic Cloud        Conj/Pois/Air  #.......     22%         3    ###....

Your spell library contained the following spells:

 Spells                   Type           Power        Failure   Level  Hunger
 Call Imp                 Summ           #.......     12%         2    #......
 Slow                     Hex            #.......     19%         2    #......


Dungeon Overview and Level Annotations

Branches:
Dungeon (3/15)

Altars:
Cheibriados
Dithmenos


Innate Abilities, Weirdness & Mutations

You have a pair of small horns on your head.
Your flesh is cold resistant. (rC+)


Message History

Casting: Magic Dart (safe; 3% risk of failure)
Confirm with . or Enter, or press ? or * to list all spells.
Aiming: Magic Dart (safe; 3% risk of failure)
Press: ? - help, Shift-Dir - straight line, f/p - river rat
Aim: a river rat (almost dead)
The magic dart hits the river rat.
The river rat is almost dead.
The river rat barely misses you. x2; The river rat bites you.
* * * LOW HITPOINT WARNING * * *
The ball python barely misses you. The ball python constricts you.
Casting: Magic Dart (safe; 3% risk of failure)
Confirm with . or Enter, or press ? or * to list all spells.
Aiming: Magic Dart (safe; 3% risk of failure)
Press: ? - help, Shift-Dir - straight line, f/p - river rat
Aim: a river rat (almost dead)
The magic dart hits the river rat.
You kill the river rat!
The river rat bites you but does no damage.
The river rat bites you!
You die...

####################
###..≈≈≈≈≈≈≈#≈#S≈≈≈≈..
##....≈≈≈≈≈≈≈≈≈@≈≈≈≈r..
##.....≈≈≈≈≈≈≈≈.rr≈≈≈≈≈.
#.....≈≈≈≈≈≈≈≈..≈≈≈≈≈≈≈.
#.....≈≈≈≈≈≈≈≈≈.≈≈≈≈≈≈≈.
#.....#≈≈≈≈≈≈≈#.≈≈≈≈≈≈..
#....###################
#...#### ....#..#
.†..'..#


You could see 2 river rats, a ball python and a rat.

Vanquished Creatures
  An adder (D:2)
  2 river rats (Sewer)
  3 oozes
  2 worms
  2 dart slugs (D:1)
  5 bats (D:1)
  3 giant cockroaches
  4 goblins
  A hobgoblin (D:1)
  6 jackals
  A quokka (D:2)
  4 ball pythons
  5 frilled lizards
  4 kobolds
  21 rats
64 creatures vanquished.

Notes
Turn   | Place    | Note
-------+----------+-------------------------------------------
     0 | D:1      | Chiseanne the Demonspawn Wizard began the quest for the
                  | Orb.
     0 | D:1      | Reached XP level 1. HP: 13/13 MP: 4/4
   346 | D:1      | Gained mutation: Your flesh is cold resistant. (rC+)
                  | [demonic ancestry]
   346 | D:1      | Reached XP level 2. HP: 8/19 MP: 1/6
  1119 | D:2      | Gained mutation: You have a pair of small horns on your
                  | head. [demonic ancestry]
  1119 | D:2      | Reached XP level 3. HP: 24/24 MP: 8/8
  1191 | D:2      | Found a shadowy altar of Dithmenos.
  1391 | D:2      | Found a snail-covered altar of Cheibriados.
  1833 | D:3      | Found a glowing drain.
  1876 | Sewer    | Entered a sewer
  1912 | Sewer    | Reached XP level 4. HP: 30/30 MP: 9/9
  1961 | Sewer    | Reached skill level 4 in Spellcasting
  2012 | Sewer    | Learned a level 2 spell: Blink
  2016 | Sewer    | Learned a level 3 spell: Conjure Flame
  2020 | Sewer    | Learned a level 3 spell: Mephitic Cloud
  2285 | Sewer    | Slain by a river rat

Skill      XL: |  1  2  3  4 |
---------------+-------------+-----
Conjurations   | 2 3 |  3.1
Spellcasting   | 4 |  4.1
Dodging        | |  1.7
Stealth        | |  1.7
Summonings     | |  1.0
Translocations | |  0.8

Action                   |  1- 3 |  4- 6 || total
-------------------------+-------+-------++-------
 Cast: Magic Dart        |   132 |    49 ||   181
  Use: Scroll            |    11 |       ||    11
  Eat: Chunk             |     3 |     1 ||     4
Armor: Robe              |     4 |     4 ||     8
Dodge: Dodged            |    38 |    11 ||    49
